 Dungeon Crawl Stone Soup version 0.31-a0-940-gdaa99269f9 (webtiles) character file.

Game seed: 4776681349248929429

6845 sammy202020 the Fighter (level 11, 0/71 HPs)
             Began as a Gargoyle Berserker on Oct 20, 2023.
             Was a Priest of Trog.
             Killed by divine providence
             ... invoked by an orc priest
              (10 damage)
             ... on level 9 of the Dungeon.
             The game lasted 00:22:46 (10751 turns).

sammy202020 the Fighter (Gargoyle Berserker)       Turns: 10751, Time: 00:22:47

Health: 0/71       AC: 32    Str: 21    XL:     11   Next: 6%
Magic:  2/2        EV:  8    Int: 15    God:    Trog [***...]
Gold:   192        SH:  0    Dex: 11    Spells: 10/10 levels left

rFire   . . .        r - +7 dire flail
rCold   . . .        (shield currently unavailable)
rNeg    + . .        A - +0 plate armour
rPois   ∞            j - +0 helmet
rElec   +            h - +0 cloak
rCorr   +            (no gloves)
SInv    +            u - +2 pair of boots
Will    .....        (no amulet) Stlth
                     a - ring "Picweuwu" {AC+4 Int+5}
HPRegen 0.31/turn    p - ring of Tomorrow {Wiz rPois rCorr MP-9 SInv}
MPRegen 0.08/turn

%: wizardry (x1)
@: on berserk cooldown, slowed, very slow
A: sickness immunity, AC +8, negative energy resistance 1, electricity
resistance, torment resistance 1, petrification resistance
a: Renounce Religion, Berserk, Trog's Hand


You were on level 9 of the Dungeon.
You worshipped Trog.
Trog was most pleased with you.
You visited 1 branch of the dungeon, and saw 9 of its levels.

You collected 387 gold pieces.
You spent 195 gold pieces at shops.

Inventory:

Hand Weapons
 k - a +0 flail of freezing
 l - a +2 mace of draining
 o - a +2 whip of draining
 r - a +7 dire flail (weapon)
 y - a +1 war axe of flaming
Armour
 h - a +0 cloak (worn)
 j - a +0 helmet (worn)
 u - a +2 pair of boots (worn)
 z - +0 steam dragon scales
 A - a +0 plate armour (worn)
Jewellery
 a - the ring "Picweuwu" (left hand) {AC+4 Int+5}
   (You acquired it on level 2 of the Dungeon)

   [ring of protection]

   AC+4:      It affects your AC (+4).
   Int+5:     It affects your intelligence (+5).
 p - the ring of Tomorrow (right hand) {Wiz rPois rCorr MP-9 SInv}
   (You found it on level 6 of the Dungeon)

   [ring of wizardry]

   Wiz:       It improves your spell success rate.
   rPois:     It protects you from poison MP-9: It affects your magic capacity
   (-9).
   SInv:      It lets you see invisible.
   rCorr:     It protects you from acid and corrosion.
 v - a ring of protection from cold
Wands
 w - a wand of flame (45)
Scrolls
 f - 3 scrolls of vulnerability
 i - a scroll of identify
 m - 2 scrolls of revelation
 q - 3 scrolls of teleportation
 s - 2 scrolls of fear
 t - a scroll of poison
 x - a scroll of blinking
Potions
 b - 2 potions of attraction
 c - a potion of cancellation
 e - 4 potions of curing
 g - a potion of berserk rage {unknown}
 n - 2 potions of might


   Skills:
 * Level 9.5 Fighting
 * Level 8.6 Maces & Flails
 * Level 9.1 Armour
 + Level 5.1 Dodging
 - Level 7.3 Shields


You had 10 spell levels left.
You didn't know any spells.
Your spell library was empty.

Dungeon Overview and Level Annotations

Branches:
Dungeon (9/15)             Temple (0/1) D:5            Lair (0/5) D:9
    Orc: D:9-12

Altars:
Dithmenos
Elyvilon
Makhleb
Qazlal
Uskayaw

Shops:
D:7 [


Innate Abilities, Weirdness & Mutations

You are immune to sickness and miasma.
Your stone body is resilient. (AC +8)
You are immune to poison.
You resist negative energy. (rN+)
You are resistant to electric shocks. (rElec)
You are resistant to unholy torment.
You are immune to petrification.


Message History

The orc warrior hits you but does no damage.
The orc attacks as it pursues you! The orc hits you but does no damage.
The orc warrior hits you but does no damage.
The orc warrior hits you with a +0 flail.
The orc hits you but does no damage.
The orc warrior hits you but does no damage. x2
You feel the effects of Trog's Hand fading.
The orc warrior attacks as it pursues you!
The orc warrior hits you but does no damage.
The orc warrior attacks as it pursues you!
The orc warrior hits you but does no damage.
The orc warrior attacks as it pursues you!
The orc warrior hits you but does no damage.
The orc warrior attacks as it pursues you!
The orc warrior barely misses you.
The orc warrior hits you with a +0 flail.
The orc warrior hits you with a +0 long sword.
* * * LOW HITPOINT WARNING * * *
The orc cheers noisily.
The orc hits you but does no damage.
Your skin stops crawling.
You feel less strong-willed.
The orc warrior attacks as it pursues you!
The orc warrior closely misses you. The orc attacks as it pursues you!
The orc barely misses you.
The orc warrior hits you but does no damage.
The orc warrior barely misses you.
You hit the fungus.
The fungus begins to die.
The fungus is lightly damaged.
The orc barely misses you.
The orc priest mumbles some strange prayers to Beogh against you.
Beogh smites you!
* * * LOW HITPOINT WARNING * * *
The orc warrior hits you but does no damage. x2
You're still recovering from your berserk rage.
Okay, then.
You sock the fungus!
The fungus is lightly damaged.
The orc priest mumbles some strange prayers to Beogh against you.
Beogh smites you!
You die...

######....##.....#####)###
..........#.......#....).#
..........#.....P.#......#
.......)............o....#
..........).........o....#
..........)...>...oo.....#
.................oo......#
...............ooo.......#
..........#.P..P@o#......#
#####'#####..P.P..###....#
..........##.....##.#....#
.....†....###...###.#....#
..........#....#....#....#
..........#....#....'....#
..†.†.....#....#....#....#
......[...#....#....#....#
..........#....#....#....#


You could see 2 orc warriors, an orc priest and 7 orcs.

Vanquished Creatures
  A kobold demonologist (D:8)
  Maggie (D:8)
  A hornet (D:7)
  A shadow (D:9)
  A wyvern (D:9)
  14 yaks (D:9)
  A basilisk (D:9)
  A steam dragon (D:8)
  A water moccasin (D:5)
  A sky beast (D:7)
  3 black bears
  4 orc warriors (D:9)
  4 phantoms
  Blork the orc (D:5)
  19 kobold brigands (D:8)
  A bullfrog (D:4)
  A scorpion (D:7)
  A wight (D:4)
  A howler monkey (D:4)
  A jelly (D:7)
  2 orc priests (D:9)
  3 gnoll boudas
  3 hounds
  4 iguanas
  Ijyb (D:5)
  3 orc wizards
  11 gnolls
  14 adders
  2 shadow imps
  3 white imps
  2 ufetubi (D:7)
  A worm (D:4)
  2 dart slugs
  23 orcs
  4 endoplasms
  3 giant cockroaches
  5 goblins
  7 hobgoblins
  3 jackals (D:2)
  21 kobolds
  3 quokkas
  10 ball pythons
  3 bats
  2 frilled lizards
  4 rats
198 creatures vanquished.

Vanquished Creatures (others)
  2 kobolds (D:8)
2 creatures vanquished.

Grand Total: 200 creatures vanquished

Notes
Turn   | Place    | Note
-------+----------+-------------------------------------------
     0 | D:1      | sammy202020 the Gargoyle Berserker began the quest for the
                  | Orb.
     0 | D:1      | Reached XP level 1. HP: 14/14 MP: 1/1
   135 | D:1      | Reached XP level 2. HP: 19/19 MP: 2/2
   412 | D:1      | Reached skill level 1 in Shields
   838 | D:2      | Reached XP level 3. HP: 23/23 MP: 3/3
   893 | D:2      | Reached ** piety under Trog
  2390 | D:2      | Reached XP level 4. HP: 24/29 MP: 4/4
  2817 | D:2      | Identified a scroll of acquirement
  2817 | D:2      | Acquired the ring "Picweuwu" {AC+4 Int+5}
  3544 | D:3      | Found a shadowy altar of Dithmenos.
  3932 | D:3      | Reached XP level 5. HP: 18/33 MP: 5/5
  5101 | D:4      | Noticed a phantom
  5153 | D:4      | Reached XP level 6. HP: 21/39 MP: 6/6
  5612 | D:4      | Reached XP level 7. HP: 44/44 MP: 7/7
  5619 | D:4      | Reached skill level 5 in Fighting
  5922 | D:5      | Entered Level 5 of the Dungeon
  6242 | D:5      | Reached skill level 5 in Maces & Flails
  6242 | D:5      | Reached skill level 5 in Armour
  6242 | D:5      | Reached XP level 8. HP: 50/50 MP: 8/8
  6482 | D:5      | Noticed Blork the orc
  6490 | D:5      | Killed Blork the orc
  6503 | D:5      | Found a staircase to the Ecumenical Temple.
  6738 | D:5      | Noticed Ijyb
  6749 | D:5      | Killed Ijyb
  7000 | D:6      | Identified the ring of Tomorrow {Wiz rPois rCorr MP-9 SInv}
  7061 | D:6      | Found a burning altar of Makhleb.
  7070 | D:6      | Found a white marble altar of Elyvilon.
  7363 | D:6      | Reached skill level 5 in Shields
  7507 | D:7      | Noticed a hornet
  7527 | D:7      | Killed a hornet
  7528 | D:7      | Reached XP level 9. HP: 32/56 MP: 0/9
  8401 | D:7      | Found Tufetag Yqu's Antique Armour Shoppe.
  8433 | D:7      | Bought a pair of glowing boots for 195 gold pieces
  8537 | D:7      | Found a stormy altar of Qazlal.
  9097 | D:8      | Found a hide-covered altar of Uskayaw.
  9313 | D:8      | Noticed Maggie
  9323 | D:8      | Killed Maggie
  9456 | D:8      | Noticed a kobold demonologist
  9487 | D:8      | Reached *** piety under Trog
  9501 | D:8      | Reached XP level 10. HP: 34/64 MP: 1/10
  9509 | D:8      | Noticed a soul eater
  9511 | D:8      | Killed a kobold demonologist
 10560 | D:9      | Reached skill level 5 in Dodging
 10591 | D:9      | Reached XP level 11. HP: 54/71 MP: 2/11
 10650 | D:9      | Found a staircase to the Lair.
 10751 | D:9      | Killed from afar by an orc priest

Illustrated notes

Levels and vault maps discovered:
D:1:      scummos_arrival_hexagon, layout_basic
D:2:      minmay_angry_zag, layout_basic
D:3:      layout_loops_ring, lemuel_round_altar
D:4:      layout_loops_ring, minivault_27, nzn_random_ring
D:5:      layout_loops_corners, minmay_temple_entry_mist,
          hangedman_decor_opposing, uniq_ijyb, uniq_blork_the_orc
D:6:      nicolae_cairo_tiling_large, layout_rooms,
          mainiacjoe_overflow_big_doors
D:7:      layout_basic, mainiacjoe_overflow_cross_hatched, serial_shops, shop,
          chequers_serial_rivers_micro_d
D:8:      layout_cave_pools, mainiacjoe_overflow_small_starburst, special_room
          [special_room_kobold], uniq_maggie
D:9:      layout_grid_maze, david_lair_generic, david_orc_5

Skill      XL: |  1  2  3  4  5  6  7  8  9 10 |
---------------+-------------------------------+-----
Shields        | 1 2 3 4 5 6 7 |  7.3
Armour         | 3 4 5 6 7 9 |  9.1
Dodging        | 2 3 4 5 |  5.1
Fighting       | 4 5 6 7 9 |  9.5
Maces & Flails | 4 5 7 8 |  8.6

Action                     |  1- 3 |  4- 6 |  7- 9 | 10-12 || total
---------------------------+-------+-------+-------+-------++-------
  Melee: Mace              |   111 |     5 |       |       ||   116
         Punch             |     1 |     1 |       |       ||     2
         Flail             |       |   178 |   132 |       ||   310
         Dire flail        |       |       |   231 |   186 ||   417
 Invoke: Berserk           |     1 |     2 |     6 |     4 ||    13
         Trog's Hand       |       |     2 |     4 |     2 ||     8
    Use: Scroll            |       |     6 |    15 |     1 ||    22
         Potion            |       |       |       |     4 ||     4
 Armour: Animal skin       |    61 |       |       |       ||    61
         Leather armour    |    21 |     3 |       |       ||    24
         Ring mail         |       |    50 |       |       ||    50
         Chain mail        |       |   139 |   380 |   207 ||   726
         Plate armour      |       |       |       |    67 ||    67
  Dodge: Dodged            |    78 |   120 |   173 |   139 ||   510

Table legend: (Time is in decaauts)
 A = Elapsed time spent in this place.
 B = Non-inter-level travel time spent in this place.
 C = Inter-level travel time spent in this place.
 D = Time resting spent in this place.
 E = Time spent auto-exploring this place.
 F = Levels seen in this place.
 G = Mean time per level.
                   A        B        C        D        E       F      G
               +--------+--------+--------+--------+--------+-----+--------+
         Total |  10900 |  10827 |     73 |   3236 |   5451 |   9 | 1211.1 |
       Dungeon |  10900 |  10827 |     73 |   3236 |   5451 |   9 | 1211.1 |
               +--------+--------+--------+--------+--------+-----+--------+

Top non-repeatable levels by time:
     D:2: 2749 daAuts
     D:7: 1398 daAuts
     D:3: 1293 daAuts
     D:4: 1184 daAuts
     D:5: 1061 daAuts
     D:8: 999 daAuts
     D:9: 889 daAuts
     D:1: 801 daAuts
     D:6: 522 daAuts
